 Dungeon Crawl Stone Soup version 0.31-a0-175-g9f7f995f2b (webtiles) character file.

Game seed: 7345683874879923504

116 qw the Shooter (level 5, -3/32 HPs)
             Began as a Gargoyle Hunter on June 16, 2023.
             Slain by an orc wizard
             ... wielding a +0 dagger
              (4 damage)
             ... on level 4 of the Dungeon.
             The game lasted 00:00:51 (2726 turns).

qw the Shooter (Gargoyle Hunter)                    Turns: 2726, Time: 00:00:52

Health: -3/32      AC: 10    Str: 13 (14) XL:     5   Next: 0%
Magic:  5/5        EV: 10    Int:  8 (10) God:
Gold:   181        SH:  0    Dex: 12 (15) Spells: 4/4 levels left

rFire   . . .        Y - +0 shortbow
rCold   . . .        (shield currently unavailable)
rNeg    + . .        k - +0 ring mail
rPois   inf          (no helmet)
rElec   +            (no cloak)
rCorr   .            (no gloves)
SInv    .            b - +0 pair of boots
Will    .....        (no amulet)
Stlth   +            (no ring)
HPRegen 0.25/turn    (no ring)
MPRegen 0.09/turn

%: no passive effects
@: no status effects
A: sickness immunity, AC +4, negative energy resistance 1, electricity
resistance, torment resistance 1, petrification resistance
a: no special abilities


You were on level 4 of the Dungeon.
You visited 1 branch of the dungeon, and saw 4 of its levels.

You collected 181 gold pieces.


Innate Abilities, Weirdness & Mutations

You are immune to sickness and miasma.
Your stone body is resilient. (AC +4)
You are immune to poison.
You resist negative energy. (rN+)
You are resistant to electric shocks. (rElec)
You are resistant to unholy torment.
You are immune to petrification.


   Skills:
 - Level 3.0 Fighting
 - Level 5.8 Ranged Weapons
 + Level 0.3 Armour
 - Level 1.5 Dodging
 - Level 1.1 Stealth


You had 4 spell levels left.
You didn't know any spells.
Your spell library was empty.

Inventory:

Hand Weapons
 Y - a +0 shortbow (weapon)
Armour
 b - a +0 pair of boots (worn)
 k - a +0 ring mail (worn)
Potions
 e - a potion of heal wounds {unknown}
 f - a potion of lignification {unknown}
 g - a potion of invisibility {unknown}
 h - a potion of curing {unknown}
 i - a potion of enlightenment {unknown}
 j - a potion of berserk rage {unknown}
 l - 2 potions of magic
 m - a potion of mutation {unknown}

Dungeon Overview and Level Annotations

Branches:
Dungeon (4/15)
 Temple: D:4-7

Altars:

Annotations:
D:2 1 runed translucent door, Crazy Yiuf


Message History

The orc hits you but does no damage.
You hear some strange, mumbled words.
You are more confused.
The orc wizard hits you but does no damage.
The orc hits you but does no damage. Something hits you but does no damage.
The orc wizard casts a spell at you. You resist with some effort.
The orc closely misses you.
You hear some strange, mumbled words.
You are more confused.
The orc closely misses you.
The orc wizard hits you but does no damage.
Something hits you but does no damage. The orc barely misses you.
The orc wizard hits you but does no damage.
Something hits you but does no damage.
The orc wizard hits you with a +0 dagger.
The orc closely misses you. Something hits you.
The orc wizard hits you but does no damage.
The orc hits you but does no damage. Something hits you but does no damage.
The orc wizard hits you but does no damage.
The orc hits you with a +0 hand axe. Something hits you but does no damage.
The orc closely misses you.
The orc wizard hits you with a +0 dagger.
Something hits you but does no damage. The orc barely misses you.
The orc wizard barely misses you. Something hits you but does no damage.
The orc wizard hits you but does no damage.
The orc barely misses you. Something hits you.
The orc hits you with a +0 hand axe.
The orc wizard hits you but does no damage.
Something completely misses you.
The orc wizard hits you but does no damage.
The orc hits you with a +0 hand axe. Something hits you but does no damage.
The orc barely misses you.
The orc wizard hits you but does no damage.
You feel less confused. Something hits you.
You die...

#.# #.# #.# #.# #.#
. #.# ... .
##.##+##..... ...##
##...)@o......
......#....)o{......
#...<............
####.............
.......###.....
#######.# ##### #..#
##.# .?


You could see an orc wizard and an orc.

Vanquished Creatures
  3 gnolls (D:3)
  3 adders
  A worm (D:3)
  2 dart slugs (D:1)
  3 orcs
  5 ball pythons
  5 bats
  5 endoplasms
  2 giant cockroaches (D:1)
  A goblin (D:3)
  4 hobgoblins
  2 jackals (D:3)
  5 kobolds
  A quokka (D:1)
  2 frilled lizards
  3 rats
47 creatures vanquished.

Notes
Turn   | Place    | Note
-------+----------+-------------------------------------------
     0 | D:1      | qw the Gargoyle Hunter began the quest for the Orb.
     0 | D:1      | Reached XP level 1. HP: 12/12 MP: 1/1
     0 | D:1      | 0 ||| qw: Version: 0.2-a-29-g511e9b1
     0 | D:1      | 0 ||| qw: Game counter: 57
     0 | D:1      | 0 ||| qw: Always use a shield: true
     0 | D:1      | 0 ||| qw: God list: Okawaru
     0 | D:1      | 0 ||| qw: Allow faded altars: false
     0 | D:1      | 0 ||| qw: Do Orc after D:15 true
     0 | D:1      | 0 ||| qw: Do second Lair branch before Depths: true
     0 | D:1      | 0 ||| qw: Lair rune preference: random
     0 | D:1      | 0 ||| qw: Plans: Normal, Zot:1-4, Slime:5, God:TSO, Crypt,
                  | Tomb, Abyss, Pan, Hells, Win
     0 | D:1      | 0 ||| PLANNING D:1-11
   102 | D:1      | Found a faded altar of an unknown god.
   125 | D:1      | Reached XP level 2. HP: 11/17 MP: 2/2
   729 | D:1      | Reached XP level 3. HP: 19/21 MP: 3/3
   987 | D:1      | 987 ||| READING scroll labelled XAOBIH CUTAKHI.
   990 | D:1      | 990 ||| READING scroll labelled KAMIAT WOEXTO.
   991 | D:1      | 991 ||| DROPPING scroll of butterflies.
  1019 | D:2      | Reached skill level 5 in Ranged Weapons
  1454 | D:2      | Found a runed translucent door.
  1455 | D:2      | Noticed Crazy Yiuf
  1644 | D:2      | 1644 ||| UPGRADING to +0 pair of boots.
  1649 | D:2      | 1649 ||| READING scroll labelled VEEZUP LURO.
  1650 | D:2      | 1650 ||| READING scroll labelled RETYRGH FUPNIL.
  1651 | D:2      | 1651 ||| DRINKING 2 puce potions.
  1771 | D:3      | Reached skill level 3 in Fighting
  1954 | D:3      | HP: 2/23 [orc/+0 flail of protection (4)]
  1956 | D:3      | Reached XP level 4. HP: 3/28 MP: 4/4
  1959 | D:3      | HP: 2/28 [jackal (2)]
  2262 | D:3      | HP: 6/28 [gnoll/+0 whip (5)]
  2263 | D:3      | HP: 2/28 [gnoll/+0 whip (4)]
  2639 | D:3      | 2639 ||| UPGRADING to +0 ring mail.
  2649 | D:3      | 2649 ||| DROPPING +0 leather armour.
  2650 | D:3      | 2650 ||| READING 2 scrolls labelled XUWKEAW EMPI.
  2651 | D:3      | 2651 ||| READING scroll labelled KIJEYL MEUGHUMN.
  2652 | D:3      | 2652 ||| DRINKING 2 metallic brown potions.
  2653 | D:3      | 2653 ||| DROPPING scroll of amnesia.
  2654 | D:3      | 2654 ||| DROPPING potion of degeneration.
  2688 | D:4      | Reached XP level 5. HP: 28/32 MP: 5/5
  2723 | D:4      | HP: 7/32 [orc/+0 hand axe (2)]
  2724 | D:4      | HP: 1/32 [orc/+0 hand axe (6)]
  2726 | D:4      | Slain by an orc wizard

Levels and vault maps discovered:
D:1:      lemuel_arrival_rhombus, layout_basic,
          shapermc_ecumenical_altar_rom_forum, minmay_crystal_water
D:2:      layout_rooms, grunt_decor_clamped, kennysheep_generic_room_14,
          uniq_crazy_yiuf_cottage
D:3:      layout_basic, grunt_decor_fettered
D:4:      layout_basic

Skill      XL: |  1  2  3 |
---------------+----------+-----
Ranged Weapons | 5 |  5.8
Fighting       | 3 |  3.0
Armour         | |  0.3
Dodging        | |  1.5
Stealth        | |  1.1

Action                     |  1- 3 |  4- 6 || total
---------------------------+-------+-------++-------
   Fire: Shortbow          |    91 |    86 ||   177
    Use: Scroll            |     4 |     2 ||     6
         Potion            |     1 |     1 ||     2
 Armour: Leather armour    |    23 |    21 ||    44
         Ring mail         |       |    27 ||    27
  Dodge: Dodged            |    40 |    38 ||    78

Table legend:
 A = Non-vault XP
 B = Vault XP
 C = Vault XP percentage of total XP
 D = Non-vault monster count
 E = Vault monster count
 F = Vault count percentage of total count
                 A         B        C        D         E       F
            +---------+---------+-------+---------+---------+-------
      Total |     164 |       2 |   1.2 |      46 |       1 |   2.1
            +---------+---------+-------+---------+---------+-------
        D:1 |      34 |       0 |   0.0 |      16 |       0 |   0.0
        D:2 |      23 |       2 |   8.0 |       6 |       1 |  14.3
        D:3 |     101 |       0 |   0.0 |      22 |       0 |   0.0
        D:4 |       6 |       0 |   0.0 |       2 |       0 |   0.0
            +---------+---------+-------+---------+---------+-------
